 Dungeon Crawl Stone Soup version 0.29-a0-841-g116ddc6ace (webtiles) character file.

Game seed: 534607322164249747

489 Spectrina the Magician (level 7, -1/63 HPs)
             Began as a Djinni Arcane Marksman on July 13, 2022.
             Was a Follower of Elyvilon (penitent).
             Slain by an iguana (5 damage)
             ... on level 5 of the Dungeon on July 14, 2022.
             The game lasted 00:28:50 (2440 turns).

Spectrina the Magician (Djinni Arcane Marksman)     Turns: 2440, Time: 00:28:50

Health: -1/63      AC: 23    Str:  9    XL:     7   Next: 36%
Gold:   260        EV:  2    Int: 17    God:    Elyvilon [*.....] SH:  0 Dex: 13

rFire   . . .      SeeInvis .   (no weapon)
rCold   . . .      Faith    .   (no shield)
rNeg    . . .      Spirit   .   (body armour currently unavailable)
rPois   ∞          Reflect  .   (helmet currently unavailable)
rElec   .          Harm     .   (cloak currently unavailable)
rCorr   .          Rampage  .   (gloves currently unavailable)
Will    .....      NoTele   +   (boots unavailable)
Stlth   ++........              (no amulet)
HPRegen 0.20/turn               (no ring)
MPRegen 0.00/turn               (no ring)

@: tree-form
A: stationary, stasis, torment immunity, boosted hp, sickness immunity, (fire
resistance 2), (cold vulnerability 1), float, innate caster, HP casting, extra
vitality 1, (horns 1), frail 1, noise suppression
a: Renounce Religion


You were on level 5 of the Dungeon.
You worshipped Elyvilon.
Elyvilon was demanding penance.
You were a tree.
You visited 1 branch of the dungeon, and saw 5 of its levels.

You collected 290 gold pieces.
You spent 30 gold pieces at shops.

Inventory:

Hand Weapons
 a - a +0 sling
 i - a +0 short sword
 r - a +0 trident
 y - a +1 flail of protection
Armour
 c - a +0 robe
 d - a +0 helmet
 m - a scarf of shadows (melded)
 q - a +0 pair of gloves (melded)
 u - a +1 helmet
 v - a +0 animal skin (melded)
Magical Staves
 t - a staff of earth
Wands
 o - a wand of flame (15)
Scrolls
 b - a scroll of vulnerability
 e - a scroll of silence {unknown}
 f - 3 scrolls of enchant armour {unknown}
 l - 8 scrolls of identify {unknown}
 n - 3 scrolls of teleportation {unknown}
 p - a scroll of fear {unknown}
 s - a scroll of torment {unknown}
 w - 2 scrolls of amnesia {unknown}
 x - a scroll of immolation {unknown}
 C - a scroll of blinking {unknown}
Potions
 g - 2 potions of mutation
 h - a potion of degeneration {unknown}
 j - a potion of magic {unknown}
 k - a potion of attraction {unknown}
 A - a potion of brilliance {unknown}
 B - a potion of haste {unknown}


   Skills:
 - Level 1.0 Fighting
 - Level 1.5 Ranged Weapons
 - Level 2.1 Dodging
 + Level 3.4 Stealth
 + Level 4.3 Spellcasting
 + Level 3.4 Invocations


You couldn't memorise any spells.
You knew the following spells:

 Your Spells              Type           Power      Damage    Failure   Level
a - Poisonous Vapours     Pois/Air       36%        N/A       3%          2
d - Gell's Gravitas       Tloc           18%        N/A       8%          3
i - Inner Flame           Hex/Fire       18%        N/A       8%          3
m - Cause Fear            Hex            9%         N/A       26%         4
p - Slow                  Hex            72%        N/A       2%          1
q - Summon Small Mammal   Summ           72%        N/A       2%          1
y - Portal Projectile     Hex/Tloc       36%        N/A       8%          3
Your spell library was empty.

Dungeon Overview and Level Annotations

Branches:
Dungeon (5/15)             Temple (0/1) D:4

Altars:
Elyvilon
Okawaru
Ru
Trog

Shops:
D:3 !

Annotations:
D:4 Sigmund


Innate Abilities, Weirdness & Mutations

You are a tree.
Your roots penetrate the ground, keeping you stationary.
You cannot be teleported.
You are immune to unholy pain and torment.
Your maximum health is greatly increased.
Your equipment is partially melded.
You are immune to sickness and miasma.
You are immune to poison.
((Your flesh is very heat resistant. (rF++)))
((You are vulnerable to cold. (rC-)))
You float through the air rather than walking.
You learn spells naturally, not from books.
Your magical power is your life essence.
You have superior vitality. (+4 MHP)
((You have a pair of small horns on your head.))
You are frail. (-10% HP)
You passively dampen the noise of your surroundings.


Message History

Your +0 animal skin melds into your body.
The dungeon's light returns to normal.
Your roots penetrate the ground.
The adder completely misses you. The adder barely misses you.
Your +1 flail of protection goes still.
You are now empty-handed.
You hit the adder.
The adder is heavily wounded.
The adder bites you but does no damage.
You smack the adder!
You kill the adder!
The iguana hisses menacingly.
You hit the iguana.
The iguana is moderately wounded.
The iguana bites you but does no damage.
You hit the iguana.
The iguana is heavily wounded.
The iguana bites you.
* * * LOW HITPOINT WARNING * * *
You hit the iguana but do no damage.
The iguana is heavily wounded.
The iguana bites you.
* * * LOW HITPOINT WARNING * * *
You barely miss the iguana. You punch the iguana, but do no damage.
The iguana is heavily wounded.
The iguana bites you.
* * * LOW HITPOINT WARNING * * *
Unknown command.
You hit the iguana.
The iguana is almost dead.
The iguana bites you but does no damage.
You hit the iguana but do no damage.
The iguana is almost dead.
The iguana bites you but does no damage.
You barely miss the iguana.
The iguana is almost dead.
The iguana bites you but does no damage.
Unknown command.
You hit the iguana but do no damage.
The iguana is almost dead.
The iguana bites you.
You die...

#...♣.. # #...♣.♣♣
.. #.##....♣.♣...
##.#.........). ##
.......))).... ..
.#....###.... #.
##..## .. #. # ##l#
#. #. #♣# ##.
##.##.## #+# ##..
........## #.# #..#
###.##...## #.#
##.## #.#.....##
##.###..#♣
#........###...##.##
###.....###.....#.#
#........##......##
#.##.###.###.###..#♣


You could see an iguana.

Vanquished Creatures
  Edmund (D:4)
  Blork the orc (D:4)
  2 hounds (D:3)
  An orc priest (D:5)
  An iguana (D:3)
  An orc wizard (D:5)
  Robin (D:3)
  A gnoll (D:3)
  6 adders
  A dart slug (D:3)
  14 orcs
  5 endoplasms
  5 giant cockroaches
  4 hobgoblins (D:3)
  6 jackals
  2 quokkas
  3 ball pythons
  4 bats
  3 frilled lizards
  15 goblins
  7 kobolds
  4 rats (D:1)
88 creatures vanquished.

Vanquished Creatures (collateral kills)
  An endoplasm (D:2)
  A hobgoblin (D:1)
  A ball python (D:3)
3 creatures vanquished.

Vanquished Creatures (others)
  An orc (D:5)
1 creature vanquished.

Grand Total: 92 creatures vanquished

Notes
Turn   | Place    | Note
-------+----------+-------------------------------------------
     0 | D:1      | Spectrina the Djinni Arcane Marksman began the quest for
                  | the Orb.
     0 | D:1      | Spectrina set off with the following spells memorised:
                  | Slow, Inner Flame, Portal Projectile, Cause Fear.
     0 | D:1      | Reached XP level 1. HP: 17/17 MP: 0/0
   211 | D:2      | Reached XP level 2. HP: 22/22 MP: 0/0
   258 | D:3      | Reached skill level 3 in Spellcasting
   261 | D:3      | Found Alys's Distillery.
   272 | D:3      | Bought a potion of curing for 30 gold pieces
   436 | D:2      | Reached XP level 3. HP: 21/27 MP: 0/0
   436 | D:2      | Learned a level 1 spell: Summon Small Mammal
   561 | D:1      | Reached skill level 1 in Stealth
   564 | D:1      | Found a faded altar of an unknown god.
   571 | D:1      | Prayed at the altar of an unknown god.
   571 | D:1      | Became a worshipper of Elyvilon the Healer
   571 | D:1      | Reached * piety under Elyvilon
   823 | D:2      | Reached XP level 4. HP: 25/32 MP: 0/0
   942 | D:3      | Noticed Robin
   969 | D:3      | Killed Robin
   984 | D:3      | Reached skill level 1 in Invocations
  1100 | D:3      | Found a sacrificial altar of Ru.
  1205 | D:3      | Reached ** piety under Elyvilon
  1231 | D:3      | Found a bloodstained altar of Trog.
  1295 | D:3      | Reached XP level 5. HP: 25/37 MP: 0/0
  1295 | D:3      | Learned a level 2 spell: Poisonous Vapours
  1351 | D:3      | Was placed under penance by Elyvilon
  1426 | D:3      | Reached XP level 6. HP: 6/42 MP: 0/0
  1650 | D:4      | Noticed Edmund
  1693 | D:4      | Found an iron altar of Okawaru.
  1705 | D:4      | Noticed Blork the orc
  1747 | D:4      | Killed Blork the orc
  1748 | D:4      | Reached skill level 4 in Spellcasting
  1798 | D:4      | Found a staircase to the Ecumenical Temple.
  1810 | D:5      | Entered Level 5 of the Dungeon
  1810 | D:5      | Noticed an ice beast
  1914 | D:4      | Killed Edmund
  1915 | D:4      | Reached XP level 7. HP: 10/47 MP: 0/0
  1915 | D:4      | Learned a level 3 spell: Gell's Gravitas
  1982 | D:4      | Upgraded the game from 0.29-a0-838-g385bb11a5b to
                  | 0.29-a0-841-g116ddc6ace
  2090 | D:4      | Noticed Sigmund
  2427 | D:5      | Gained mutation: You are frail. (-10% HP) [potion of
                  | mutation]
  2427 | D:5      | Gained mutation: You passively dampen the noise of your
                  | surroundings. [potion of mutation]
  2427 | D:5      | Gained mutation: You have a pair of small horns on your
                  | head. [potion of mutation]
  2436 | D:5      | HP: 3/63 [iguana (5)]
  2440 | D:5      | Slain by an iguana

Illustrated notes

Levels and vault maps discovered:
D:1:      tarquinn_simple_flora_water_a, layout_basic,
          hellmonk_ecumenical_altar_prayer_group, interstate_on_off
D:2:      layout_loops_ring, nicolae_elevator_lobby_asterisk
D:3:      layout_loops_corners, mainiacjoe_overflow_alcove_1,
          nicolae_overflow_crystal_walls, serial_shops, nicolae_shop_crystal,
          cheibrodos_gnoll_hut, uniq_robin
D:4:      cheibrodos_greedy_goblins, layout_rooms,
          mainiacjoe_overflow_cross_hatched, temple_statues,
          kennysheep_generic_room_16, uniq_sigmund, uniq_edmund,
          uniq_blork_the_orc
D:5:      cheibrodos_iron_armory, layout_loops_corners, jmf_multi_god_temple,
          chequers_garden, nrook_mini_vaults, lemuel_old_faithful

Skill      XL: |  1  2  3  4  5  6 |
---------------+-------------------+-----
Spellcasting   | 3 4 |  4.3
Stealth        | 1 2 3 |  3.4
Invocations    | 1 2 3 |  3.4
Fighting       | |  1.0
Ranged Weapons | |  1.5
Dodging        | |  2.1

Action                   |  1- 3 |  4- 6 |  7- 9 || total
-------------------------+-------+-------+-------++-------
Melee: Short sword       |    32 |    58 |       ||    90
       Trident           |    57 |       |       ||    57
       Flail             |       |       |    26 ||    26
       Unarmed           |       |       |    10 ||    10
       Punch             |       |       |     1 ||     1
 Fire: Sling             |    21 |    68 |    23 ||   112
 Cast: Slow              |     5 |     5 |       ||    10
       Summon Small Mamm |     7 |    10 |       ||    17
       Inner Flame       |       |     9 |    12 ||    21
       Portal Projectile |       |     5 |     2 ||     7
       Poisonous Vapours |       |     2 |       ||     2
  Use: Potion            |       |     2 |     3 ||     5
 Stab: Sleeping          |     2 |       |     2 ||     4
Armor: Robe              |    20 |     6 |       ||    26
       Animal skin       |       |    31 |    17 ||    48
       Skin              |       |       |     5 ||     5
Dodge: Dodged            |    69 |    92 |    30 ||   191

Table legend: (Time is in decaauts)
 A = Elapsed time spent in this place.
 B = Non-inter-level travel time spent in this place.
 C = Inter-level travel time spent in this place.
 D = Time resting spent in this place.
 E = Time spent auto-exploring this place.
 F = Levels seen in this place.
 G = Mean time per level.
                   A        B        C        D        E       F      G
               +--------+--------+--------+--------+--------+-----+--------+
         Total |   2487 |   2310 |    177 |      0 |      0 |   5 |  497.4 |
       Dungeon |   2487 |   2310 |    177 |      0 |      0 |   5 |  497.4 |
               +--------+--------+--------+--------+--------+-----+--------+

Top non-repeatable levels by time:
     D:3: 957 daAuts
     D:4: 524 daAuts
     D:1: 479 daAuts
     D:5: 278 daAuts
     D:2: 247 daAuts
